 Dungeon Sprint DCSS version 0.19-a0-1899-g2d93087 (webtiles) character file.

6985 poirepourri the Earth Mage (level 11, -1/54 HPs)
             Began as a Gargoyle Earth Elementalist on Oct 20, 2016.
             Was the Champion of Vehumet.
             Slain by a demonic crawler (4 damage)
             ... in the Dungeon (Sprint I: "Red Sonja").
             The game lasted 00:07:30 (2317 turns).

poirepourri the Earth Mage (GrEE)                   Turns: 2317, Time: 00:07:31

Health: -1/54      AC: 20    Str: 12    XL:     11   Next: 8%
Magic:  15/31      EV: 11    Int: 18    God:    Vehumet [******]
Gold:   213        SH:  0    Dex: 11    Spells: 5 memorised, 28 levels left

rFire  . . .     SeeInvis .     (no weapon)
rCold  . . .     Gourm    .     p - +3 ring mail {rN+}
rNeg   + + .     Faith    .     (no shield)
rPois  ∞         Spirit   .     n - +1 helmet
rElec  +         Reflect  .     b - +1 cloak
rCorr  .         Harm     .     (no gloves)
MR     .....     NoTele   +     (no boots)
Stlth  +.........               m - amulet of regeneration
                                (no ring)
                                (no ring)

@: exhausted, very slightly contaminated, fainting, slowed, very slow
A: negative energy resistance 1, electricity resistance, unbreathing,
petrification resistance, rot immunity, AC +7
a: Renounce Religion


You were in the Dungeon.
You worshipped Vehumet.
Vehumet was exalted by your worship.
You were fainting.

You visited 1 branch You collected 1245 gold pieces.
You spent 1032 gold pieces at shops.

Inventory:

Missiles
 a - 21 stones (quivered)
Armour
 b - a +1 cloak (worn)
 h - a +0 troll leather armour
 n - a +1 helmet (worn)
 o - a +2 scale mail of poison resistance
 p - a +3 ring mail of positive energy (worn)
Jewellery
 m - an amulet of regeneration (around neck)
Potions
 e - 3 potions of curing
Books
 k - a book of Geomancy

   Spells                             Type                      Level
   a - Sandblast                      Earth                        1
   b - Passwall                       Transmutation/Earth          2
   c - Stone Arrow                    Conjuration/Earth            3
   d - Petrify                        Transmutation/Earth          4
   e - Lee's Rapid Deconstruction     Earth                        5


   Skills:
 + Level 0.2 Fighting
 + Level 3.2 Armour
 + Level 3.8 Dodging
 - Level 2.1 Stealth
 * Level 16.9 Spellcasting
 + Level 4.6 Conjurations
 + Level 0.7 Transmutations
 + Level 18.3 Earth Magic


You had 28 spell levels left.
You knew the following spells:

 Your Spells              Type           Power        Failure   Level  Hunger
a - Sandblast             Erth           ######       0%          1    None
b - Passwall              Tmut/Erth      #####.....   1%          2    None
c - Stone Arrow           Conj/Erth      ######       1%          3    None
d - Petrify               Tmut/Erth      #####...     1%          4    None
e - Lee's Rapid Deconstr  Erth           ######....   1%          5    ###....


Dungeon Overview and Level Annotations

Branches:
Dungeon (1/1)

Altars:
Cheibriados
Dithmenos
Elyvilon
Fedhas
Gozag
Hepliaklqana
Kikubaaqudgha
Makhleb
Nemelex Xobeh
Okawaru
Qazlal
Ru
Sif Muna
Trog
Uskayaw
Vehumet
Xom
Yredelemnul
Zin
The Shining One
Jiyva
Lugonu

Shops:
D :?*?(:*=[*:}![}[:


Innate Abilities, Weirdness & Mutations

You are resistant to torment.
Your stone body is resilient. (AC +7)
You are immune to poison.
You resist negative energy. (rN+)
You are resistant to electric shocks. (rElec)
You can survive without breathing.
You are immune to petrification.
You are immune to rotting.


Message History

The demonic crawler is severely wounded.
The demonic crawler hits you but does no damage.
The demonic crawler closely misses you.
The demonic crawler hits you but does no damage. x3
The demonic crawler closely misses you.
Unknown command.
You hit the demonic crawler but do no damage.
The demonic crawler is severely wounded.
The demonic crawler hits you.
* * * LOW HITPOINT WARNING * * *
The demonic crawler hits you.
* * * LOW HITPOINT WARNING * * *
The demonic crawler closely misses you.
The demonic crawler hits you but does no damage. x3
You barely miss the demonic crawler.
The demonic crawler is severely wounded.
The demonic crawler barely misses you.
The demonic crawler hits you but does no damage. x3
The demonic crawler hits you.
You die...

##.#≈§§§§#§.##'####
#..§≈§§§§§§§#...§§#
(._#§§§§.#.§#..§§§+
(#'##§§####'###.§§#
)#[#§.§=###.'.#^^.#
.####.###.###.#..##
.s's))..'.∩##§#s9#
..###########.##s#
.###....[§.##§##@#
'#.#.......§§§####
...#'..###.##§#
)..#[.......#.#
####.......#+§#
..(...÷...≈####
...÷.....≈≈#
.......≈≈≈##
##..≈≈≈≈###


You could see 2 demonic crawlers and a gargoyle.

Vanquished Creatures
  2 centaur warriors (D)
  Sonja (D)
  2 unseen horrors (D)
  A deep troll (D)
  An oklob plant (D)
  2 demonic crawlers (D)
  2 kobold demonologists (D)
  A slime creature (D)
  A hornet (D)
  2 redbacks (D)
  Sigmund (D)
  A yak (D)
  2 floating eyes (D)
  An ogre (D)
  7 necrophages (D)
  8 jellies (D)
  Ijyb (D)
  3 ballistomycetes (D)
  A ballistomycete spore (D)
40 creatures vanquished.

Vanquished Creatures (others)
  A ballistomycete spore (D)
1 creature vanquished.

Grand Total: 41 creatures vanquished

Notes
Turn   | Place    | Note
-------+----------+-------------------------------------------
     0 | D        | poirepourri the Gargoyle Earth Elementalist began the quest for the Orb.
     0 | D        | Reached XP level 1. HP: 10/10 MP: 3/3
     3 | D        | Noticed Ijyb
     9 | D        | Killed Ijyb
     9 | D        | Reached skill level 6 in Earth Magic
     9 | D        | Reached XP level 2. HP: 10/15 MP: 1/7
     9 | D        | Reached XP level 3. HP: 13/19 MP: 1/8
   142 | D        | Learned a level 2 spell: Passwall
   146 | D        | Learned a level 3 spell: Stone Arrow
   207 | D        | Noticed an ogre
   213 | D        | Killed an ogre
   213 | D        | Reached skill level 8 in Earth Magic
   213 | D        | Reached XP level 4. HP: 10/24 MP: 8/12
   317 | D        | Learned a level 4 spell: Petrify
   401 | D        | Noticed Sigmund
   405 | D        | Killed Sigmund
   405 | D        | Reached skill level 11 in Earth Magic
   405 | D        | Reached XP level 5. HP: 22/28 MP: 8/15
   405 | D        | Reached XP level 6. HP: 25/32 MP: 9/17
   481 | D        | Found a deep blue altar of Sif Muna.
   483 | D        | Found a radiant altar of Vehumet.
   501 | D        | Became a worshipper of Vehumet
   503 | D        | Found Cyity's Magic Scroll Emporium.
   503 | D        | Found an ancient bone altar of Kikubaaqudgha.
   503 | D        | Found a hazy altar of Hepliaklqana.
   503 | D        | Found a stormy altar of Qazlal.
   503 | D        | Found a hide-covered altar of Uskayaw.
   503 | D        | Found a blossoming altar of Fedhas.
   503 | D        | Found a bloodstained altar of Trog.
   503 | D        | Found an iron altar of Okawaru.
   503 | D        | Found a basalt altar of Yredelemnul.
   503 | D        | Found a glowing golden altar of the Shining One.
   503 | D        | Found a snail-covered altar of Cheibriados.
   503 | D        | Found a sacrificial altar of Ru.
   503 | D        | Found a glowing silver altar of Zin.
   503 | D        | Found a shadowy altar of Dithmenos.
   503 | D        | Found a white marble altar of Elyvilon.
   503 | D        | Noticed a yak
   506 | D        | Killed a yak
   506 | D        | Reached skill level 12 in Earth Magic
   616 | D        | Found an opulent altar of Gozag.
   617 | D        | Found a sparkling altar of Nemelex Xobeh.
   621 | D        | Bought a scroll of enchant armour for 90 gold pieces
   621 | D        | Bought a scroll of remove curse for 36 gold pieces
   629 | D        | Learned a level 5 spell: Lee's Rapid Deconstruction
   648 | D        | Noticed Sonja
   654 | D        | Killed Sonja
   654 | D        | Reached skill level 1 in Conjurations
   654 | D        | Reached skill level 13 in Earth Magic
   654 | D        | Reached XP level 7. HP: 35/36 MP: 6/22
   654 | D        | Reached XP level 8. HP: 40/41 MP: 6/23
   777 | D        | Found Urphoiv's Book Boutique.
   797 | D        | Noticed a deep troll
   800 | D        | Killed a deep troll
   800 | D        | Reached * piety under Vehumet
   800 | D        | Offered knowledge of Magic Dart by Vehumet.
   800 | D        | Reached skill level 14 in Earth Magic
   811 | D        | Found Peivuotz's Armour Emporium.
   822 | D        | Bought a +1 cloak for 115 gold pieces
   822 | D        | Bought a cursed +0 helmet for 35 gold pieces
  1030 | D        | Noticed a centaur warrior
  1036 | D        | Noticed a centaur warrior
  1045 | D        | Killed a centaur warrior
  1045 | D        | Reached skill level 15 in Earth Magic
  1045 | D        | Reached XP level 9. HP: 4/45 MP: 5/26
  1046 | D        | Killed a centaur warrior
  1046 | D        | Reached skill level 16 in Earth Magic
  1191 | D        | Found a burning altar of Makhleb.
  1191 | D        | Found a viscous altar of Jiyva.
  1191 | D        | Found a shimmering altar of Xom.
  1191 | D        | Found a corrupted altar of Lugonu.
  1195 | D        | Offered knowledge of Throw Frost by Vehumet.
  1195 | D        | Reached ** piety under Vehumet
  1281 | D        | Noticed a hornet
  1286 | D        | Killed a hornet
  1343 | D        | Noticed an oklob plant
  1414 | D        | Killed an oklob plant
  1414 | D        | Reached skill level 15 in Spellcasting
  1414 | D        | Reached XP level 10. HP: 6/50 MP: 16/29
  1557 | D        | Offered knowledge of Ignite Poison by Vehumet.
  1557 | D        | Reached skill level 1 in Armour
  1560 | D        | Reached *** piety under Vehumet
  1560 | D        | Reached skill level 17 in Earth Magic
  1643 | D        | Killed an unseen horror
  1644 | D        | Killed an unseen horror
  1644 | D        | Reached **** piety under Vehumet
  1647 | D        | Reached ***** piety under Vehumet
  1764 | D        | Offered knowledge of Conjure Flame by Vehumet.
  1768 | D        | Reached skill level 18 in Earth Magic
  1772 | D        | Found Zogon's Magic Scroll Shoppe.
  1774 | D        | Found Ramireg's Antique Armour Boutique.
  1775 | D        | Found Paekid's Gadget Emporium.
  1775 | D        | Found Zamp's Weapon Boutique.
  1777 | D        | Found Kacsieh's Book Emporium.
  1780 | D        | Reached ****** piety under Vehumet
  1899 | D        | Found Biozakuo's Assorted Antiques.
  1901 | D        | Found Piocusuj's Book Emporium.
  1901 | D        | Found Ovotew's General Store.
  1901 | D        | Found Pacutune's Jewellery Shoppe.
  1901 | D        | Found Idweuren's Armour Boutique.
  1901 | D        | Found Inlealun's Assorted Antiques.
  1901 | D        | Found Sutriaf's Book Shop.
  1901 | D        | Found Lesixait's Gadget Shoppe.
  1905 | D        | Bought a scroll of identify for 50 gold pieces
  1907 | D        | Bought a ruby ring for 125 gold pieces
  1909 | D        | Found Ceitegroh's Distillery.
  1929 | D        | Bought a glowing helmet for 241 gold pieces
  1929 | D        | Bought a glowing ring mail for 230 gold pieces
  1931 | D        | Bought a potion of heal wounds for 55 gold pieces
  1931 | D        | Bought a potion of heal wounds for 55 gold pieces
  2130 | D        | Noticed a kobold demonologist
  2131 | D        | Offered knowledge of Dazzling Spray by Vehumet.
  2132 | D        | Noticed a kobold demonologist
  2134 | D        | Killed a kobold demonologist
  2138 | D        | Killed a kobold demonologist
  2138 | D        | Reached XP level 11. HP: 54/54 MP: 14/31
  2316 | D        | HP: 2/54 [demonic crawler (1)]
  2317 | D        | Slain by a demonic crawler

Vault maps used:
D:        dungeon_sprint_1

Skill      XL: |  1  2  3  4  5  6  7  8  9 10 |
---------------+-------------------------------+-----
Spellcasting   | 4 6 8 11 13 15 16 | 16.9
Earth Magic    | 6 8 11 13 15 16 18 | 18.3
Dodging        | 2 3 |  3.8
Conjurations   | 1 2 4 |  4.6
Armour         | 3 |  3.2
Fighting       | |  0.2
Stealth        | |  2.1
Transmutations | |  0.7

Action                   |  1- 3 |  4- 6 |  7- 9 | 10-12 || total
-------------------------+-------+-------+-------+-------++-------
Melee: Unarmed           |       |       |     1 |    32 ||    33
 Cast: Sandblast         |     7 |    11 |     2 |    20 ||    40
       Stone Arrow       |     1 |     4 |    16 |    18 ||    39
       Lee's Rapid Decon |       |       |     6 |    13 ||    19
  Use: Potion            |     2 |       |     1 |     5 ||     8
       Scroll            |       |     1 |     2 |     5 ||     8
  Eat: Bread ration      |       |       |     1 |       ||     1
Armor: Troll leather arm |       |       |     5 |    11 ||    16
       Ring mail         |       |       |       |    88 ||    88
Dodge: Dodged            |     2 |     1 |     6 |    85 ||    94
